 Dungeon Crawl Stone Soup version 0.29.1-12-g30fa7ad0bf (webtiles) character file.

Game seed: 3279750893713876373

601 oldriver the Shooter (level 7, -6/36 HPs)
             Began as a Vine Stalker Arcane Marksman on Dec 31, 2022.
             Mangled by a wraith (10 damage)
             ... on level 5 of the Dungeon.
             The game lasted 00:09:31 (4253 turns).

oldriver the Shooter (Vine Stalker Arcane Marksman) Turns: 4253, Time: 00:09:32

Health: -6/36      AC:  3    Str: 16    XL:     7   Next: 41%
Magic:  0/13       EV: 12    Int: 13    God:
Gold:   293        SH:  0    Dex: 17    Spells: 6/13 levels left

rFire   + . .      SeeInvis .   b - +1 dagger (venom)
rCold   . . .      Faith    .   (no shield)
rNeg    . . .      Spirit   +   i - +0 animal skin
rPois   .          Reflect  .   g - +0 helmet
rElec   .          Harm     .   (no cloak)
rCorr   .          Rampage  .   (no gloves)
Will    .....                   (no boots)
Stlth   ++........              (no amulet)
HPRegen 0.92/turn               c - ring of Sin {rF+ Str+4 Slay+4}
MPRegen 0.13/turn               (no ring)

@: mighty
A: fangs 2, regeneration 1, magic shield, antimagic bite, no potion heal 2
a: no special abilities


You were on level 5 of the Dungeon.
You visited 1 branch of the dungeon, and saw 5 of its levels.

You collected 293 gold pieces.

Inventory:

Hand Weapons
 a - a +1 sling
 b - a +1 dagger of venom (weapon)
Missiles
 j - 13 poisoned darts
Armour
 g - a +0 helmet (worn)
 i - a +0 animal skin (worn)
Jewellery
 c - the ring of Sin (left hand) {rF+ Str+4 Slay+4}
   (You found it on level 2 of the Dungeon)

   [ring of slaying]

   Str:       It affects your strength (+4).
   Slay:      It affects your accuracy & damage with ranged weapons and melee
   (+4).
   rF:        It protects you from fire.
 s - a ring of see invisible
Scrolls
 k - a scroll of acquirement {unknown}
 m - 2 scrolls of identify
 n - a scroll of teleportation
 p - a scroll of butterflies {unknown}
 r - 2 scrolls of fear {unknown}
 t - a scroll of magic mapping
Potions
 d - a potion of berserk rage {unknown}
 e - a potion of magic
 f - a potion of brilliance
 l - a potion of flight {unknown}
 o - a potion of curing
 q - a potion of heal wounds


   Skills:
 + Level 3.1 Fighting
 * Level 5.0 Ranged Weapons
 - Level 1.5 Dodging
 + Level 3.6 Spellcasting
 + Level 4.0 Hexes


You had 6 spell levels left.
You knew the following spells:

 Your Spells              Type           Power      Damage    Failure   Level
a - Slow                  Hex            48%        N/A       4%          1
b - Portal Projectile     Hex/Tloc       14%        N/A       28%         3
c - Inner Flame           Hex/Fire       7%         N/A       28%         3

Your spell library contained the following spells:

 Spells                   Type           Power      Damage    Failure   Level
 Freeze                   Ice            8%         1d3       22%         1
 Sublimation of Blood     Necr           2%         N/A       32%         2
 Cause Fear               Hex            6%         N/A       38%         4
 Frozen Ramparts          Ice            4%         1d1       54%         3
 Hailstorm                Conj/Ice       2%         3d3       91%         4
 Petrify                  Tmut/Erth      2%         N/A       91%         4
 Irradiate                Conj/Tmut      1%         3d12      99%         5


Dungeon Overview and Level Annotations

Branches:
Dungeon (5/15)
 Temple: D:4-7

Altars:
Yredelemnul

Annotations:
D:2 1 runed translucent door, Crazy Yiuf


Innate Abilities, Weirdness & Mutations

You have extremely sharp teeth.
Your natural rate of healing is unusually fast.
When hurt, damage is shared between your health and your magic reserves.
Your bite disrupts and absorbs the magic of your enemies.
Potions cannot restore your health.


Message History

You shoot a sling bullet. The sling bullet hits the wraith!
The wraith is moderately damaged.
You shoot a sling bullet. The sling bullet hits the wraith!
The wraith is heavily damaged.
You shoot a sling bullet. The sling bullet hits the wraith!
The wraith is severely damaged.
You shoot a sling bullet.
The sling bullet closely misses the wraith.
The water moccasin hisses angrily.
The sling bullet hits the water moccasin!
The water moccasin is moderately wounded.
You shoot a sling bullet. The sling bullet hits the wraith.
The wraith is severely damaged.
A scorpion comes into view.
Your +1 dagger of venom begins to drip with poison!
b - a +1 dagger of venom (weapon)
You hit the wraith but do no damage. You bite the wraith. You drain its power.
The wraith is almost destroyed.
The wraith hits you!
You hit the wraith.
The wraith is almost destroyed.
The water moccasin bites you. The wraith hits you!
The water moccasin bites you!
Okay, then.
You aren't carrying any items that you can evoke.
You feel very mighty all of a sudden. The wraith misses you.
The water moccasin completely misses you.
It was a potion of curing.
That felt strangely inert.
The water moccasin bites you.
* * * LOW HITPOINT WARNING * * *
The wraith hits you.
* * * LOW HITPOINT WARNING * * *
The scorpion closely misses you. The water moccasin bites you.
* * * LOW HITPOINT WARNING * * *
It was a potion of heal wounds.
That seemed strangely inert.
The scorpion stings you.
* * * LOW HITPOINT WARNING * * *
The wraith hits you!
You die...

. #... #.####.### #.#...
#.#..#...#. #.##..
##'#....#... ........ ..
#..............#.#...
...#...........##.#.#...
...#......#....##.#.#...
...'......#....##.#.#...
#..s@..#....##.#.#...
#[.SW..##...).......#
#...................#
#......##...........#
#.......+...........#
#...†...#...........#
#...................#
#..........##########
#...####...†.# #


You could see a wraith, a water moccasin and a scorpion.

Vanquished Creatures
  Prince Ribbit (D:5)
  Blork the orc (D:4)
  A howler monkey (D:5)
  3 iguanas
  An orc wizard (D:4)
  Robin (D:2)
  A gnoll (D:1)
  5 adders
  2 ufetubi (D:5)
  2 worms (D:2)
  5 dart slugs
  6 orcs
  15 ball pythons
  6 bats
  10 endoplasms
  2 giant cockroaches
  17 goblins
  4 hobgoblins
  8 kobolds
  2 quokkas
  4 frilled lizards
  10 rats
107 creatures vanquished.

Notes
Turn   | Place    | Note
-------+----------+-------------------------------------------
     0 | D:1      | oldriver the Vine Stalker Arcane Marksman began the quest
                  | for the Orb.
     0 | D:1      | Reached XP level 1. HP: 9/9 MP: 3/3
    15 | D:1      | Reached skill level 1 in Fighting
    15 | D:1      | Reached skill level 2 in Ranged Weapons
    15 | D:1      | Reached XP level 2. HP: 14/14 MP: 5/5
   605 | D:1      | Reached XP level 3. HP: 18/18 MP: 6/6
   740 | D:1      | Found a faded altar of an unknown god.
  1550 | D:2      | Reached skill level 3 in Ranged Weapons
  1550 | D:2      | Gained mutation: Your natural rate of healing is unusually
                  | fast. [Vine Stalker growth]
  1550 | D:2      | Reached XP level 4. HP: 8/23 MP: 4/8
  1792 | D:2      | Noticed Robin
  1798 | D:2      | Killed Robin
  1872 | D:2      | Found a runed translucent door.
  1873 | D:2      | Noticed Crazy Yiuf
  2214 | D:2      | Identified the ring of Sin {rF+ Str+4 Slay+4}
  2306 | D:2      | Reached XP level 5. HP: 26/26 MP: 9/9
  2794 | D:3      | Learned a level 3 spell: Portal Projectile
  2798 | D:3      | Learned a level 3 spell: Inner Flame
  3504 | D:4      | Found a basalt altar of Yredelemnul.
  3653 | D:4      | Noticed Blork the orc
  3658 | D:4      | Killed Blork the orc
  3659 | D:4      | Reached skill level 4 in Ranged Weapons
  3659 | D:4      | Reached XP level 6. HP: 32/32 MP: 8/11
  4006 | D:5      | Entered Level 5 of the Dungeon
  4040 | D:5      | Noticed Prince Ribbit
  4061 | D:5      | Killed Prince Ribbit
  4062 | D:5      | Reached XP level 7. HP: 36/36 MP: 8/13
  4212 | D:5      | Noticed a wraith
  4223 | D:5      | Reached skill level 5 in Ranged Weapons
  4253 | D:5      | Mangled by a wraith

Illustrated notes

Levels and vault maps discovered:
D:1:      saegor_arrival_simple_a, layout_basic,
          hellmonk_ecumenical_altar_crossroads, st_stairs_3, minmay_tall_x
D:2:      layout_basic, uniq_robin, uniq_crazy_yiuf_cottage
D:3:      layout_basic, nicolae_concentric_dashed_squares_wild, minivault_4
D:4:      layout_cave_pools, mainiacjoe_overflow_24_doors, glass_columns_b,
          uniq_blork_the_orc
D:5:      layout_basic, mainiacjoe_overflow_small_starburst, uniq_prince_ribbit1

Skill      XL: |  1  2  3  4  5  6  7 |
---------------+----------------------+-----
Fighting       | 1 2 3 |  3.1
Ranged Weapons | 2 3 4 5 |  5.0
Spellcasting   | 2 3 |  3.6
Hexes          | 4 |  4.0
Dodging        | |  1.5

Action                   |  1- 3 |  4- 6 |  7- 9 || total
-------------------------+-------+-------+-------++-------
Melee: Dagger            |     8 |    11 |     4 ||    23
       Bite              |     1 |     2 |     2 ||     5
 Fire: Sling             |    97 |   155 |    15 ||   267
 Cast: Slow              |    10 |    10 |       ||    20
  Use: Scroll            |     6 |     1 |       ||     7
       Potion            |       |     1 |     3 ||     4
Armor: Robe              |     6 |     8 |       ||    14
       Animal skin       |       |     4 |       ||     4
Dodge: Dodged            |    28 |    30 |     5 ||    63
